 Dungeon Crawl Stone Soup version 0.23-a0-290-g290e36d (webtiles) character file.

55 Amnesiac the Digger (level 3, 14/14 HPs)
             Began as a Felid Earth Elementalist on Oct 3, 2018.
             Was an Initiate of Dithmenos.
             Quit the game on level 4 of the Dungeon.
             The game lasted 00:04:05 (1844 turns).

Amnesiac the Digger (Felid Earth Elementalist)      Turns: 1844, Time: 00:04:06

Health: 14/14      AC:  1    Str:  4    XL:     3   Next: 67%
Magic:  7/7        EV: 18    Int: 17    God:    Dithmenos [......]
Gold:   63         SH:  0    Dex: 16    Spells: 0/6 levels left
                                        Lives:  0   Deaths: 1

rFire    . . .     SeeInvis +   (weapon unavailable)
rCold    . . .     Gourm    .   (shield unavailable)
rNeg     . . .     Faith    .   (armour unavailable)
rPois    .         Spirit   .   (helmet unavailable)
rElec    .         Reflect  .   (cloak unavailable)
rCorr    +         Harm     .   (gloves unavailable)
MR       .....                  (boots unavailable)
Stlth    +++.......             (no amulet)
HPRegen  0.04/turn              d - ring of resist corrosion
MPRegen  0.10/turn              (no ring)

@: quick
A: very small, no armour, no weapons or thrown items, stealth, claws 1, fangs 3,
see invisible, carnivore, speed 1, shaggy fur 1, slow metabolism 1, sharp paws
a: Renounce Religion


You were on level 4 of the Dungeon.
You worshipped Dithmenos.
Dithmenos was noncommittal.
You were not hungry.

You visited 1 branch of the dungeon, and saw 4 of its levels.

You collected 63 gold pieces.

Inventory:

Missiles
 b - 55 stones
Jewellery
 d - a ring of resist corrosion (left paw)
Scrolls
 a - a scroll of identify {!r, unknown}
 e - a scroll of teleportation {!r}
 f - 2 scrolls of magic mapping {!r}
 g - a scroll of remove curse {!r, unknown}
 h - a scroll of fog {!r, unknown}
Comestibles
 c - a ration


   Skills:
 + Level 3.0 Dodging
 - Level 4.0 Stealth
 + Level 0.6 Unarmed Combat
 - Level 2.0 Spellcasting
 + Level 1.2 Transmutations
 * Level 4.4 Earth Magic


You couldn't memorise any spells.
You knew the following spells:

 Your Spells              Type           Power        Failure   Level  Hunger
a - Sandblast             Erth           ###...       3%          1    #......
b - Passwall              Tmut/Erth      ##......     10%         2    ###....
e - Petrify               Tmut/Erth      ##......     52%         4    #####..

Your spell library contained the following spells:

 Spells                   Type           Power        Failure   Level  Hunger
 Stone Arrow              Conj/Erth      #.....       24%         3    ###....
 Lee's Rapid Deconstruct  Erth           ###.......   65%         5    ######.


Dungeon Overview and Level Annotations

Branches:
Dungeon (4/15)
 Temple: D:4-7

Altars:
Dithmenos
Gozag


Innate Abilities, Weirdness & Mutations

You cannot wear armour.
You are incapable of wielding weapons or throwing items.
Your paws allow you to move quietly. (Stealth)
You have sharp claws.
You have razor-sharp teeth.
You have supernaturally acute eyesight. (SInv)
You are carnivorous and can eat meat at any time.
You cover ground quickly.
You are covered in fur. (AC +1)
You have a slow metabolism.
Your sharp claws are effective at attacking unaware monsters.


Message History

Your surroundings suddenly seem different.
Found a stone staircase leading down.
You start resting.
You hear the rusting of a very distant drain.
Found a stone staircase leading up.
There is an open door here.
A phantom comes into view.
An orc comes into view. It is wielding a club.
The orc moves out of view.
Found a shield.
There is an open door here.
Casting: Sandblast (safe; 3% risk of failure)
Confirm with . or Enter, or press ? or * to list all spells.
Aiming: Passwall (safe; 10% risk of failure)
Press: ? - help, Dir - move target cursor A rock wall.
You begin to meditate on the wall.
You continue meditating on the rock.
The phantom blinks!
You continue meditating on the rock.
You finish merging with the rock. 2 orcs and an orc priest come into view.
Unknown command.
You climb upwards.
There is a stone staircase leading down here.
You start resting.
Magic restored.
You start resting.
HP restored.
You open the door.
Found an opulent altar of Gozag.
There is an open door here.
There is an open door here.
There is a stone staircase leading down here.
Okay, then.
You climb downwards.
You hear the sound of rushing water.
There is an entrance to a sewer on this level.
Hurry and find it before the You hear the brisk rusting of a very distant drain.
A giant cockroach comes into view.
There is a stone staircase leading up here.
Unknown command.
Found a shadowy altar of Dithmenos.
A worker ant comes into view.
Found a scroll labeled ZUEMAMAIPP.
There is a shadowy altar of Dithmenos here.
You sit before the altar of Dithmenos.
Dithmenos welcomes you!
The worker ant twitches its antennae in your direction.
The worker ant barely misses you.
A howler monkey comes into view.
The giant cockroach misses you. 2 orcs and an orc wizard come into view.
An orc wizard comes into view.
It is wielding a dagger of electrocution.
The orc shouts!
The orc wizard shouts!
You hear an angry hiss.
The worker ant closely misses you. The worker ant barely misses you.
An orc priest comes into view. It is wielding a short sword.
The orc wizard hits you but does no damage.
You are electrocuted!
Ouch! That really hurt!
You die...
You are now level 3!
You rejoin the land of the living...
Are you sure you want to abandon this character and quit the game? (Confirm

####.### #......#
#.##.#.# #l##.#.#
#.##...# ######
#.##.#.##
###....#####.......#
..........##.......#
..........##....@..#
...........#.....[.#
..o..##.......#.####
......+รท..<#.##.#
.....##....#...##
.....#..........#
.....'...#.#.#..#
.....#.###...#..#
######.# ###....#


There were no monsters in sight!

Vanquished Creatures
  A jelly (D:1)
  A worker ant (D:2)
  4 adders
  A dart slug (D:1)
  2 bats (D:2)
  A giant cockroach (D:3)
  4 goblins
  2 hobgoblins
  6 kobolds
  A quokka (D:3)
  2 frilled lizards
  A rat (D:2)
26 creatures vanquished.

Notes
Turn   | Place    | Note
-------+----------+-------------------------------------------
     0 | D:1      | Amnesiac the Felid Earth Elementalist began the quest for
                  | the Orb.
     0 | D:1      | Reached XP level 1. HP: 7/7 MP: 4/4
   295 | D:2      | Noticed a jelly
   323 | D:1      | Killed a jelly
   323 | D:1      | Reached XP level 2. HP: 2/11 MP: 3/6
   323 | D:1      | Reached XP level 3. HP: 3/14 MP: 3/7
   327 | D:1      | Learned a level 2 spell: Passwall
   598 | D:2      | Reached XP level 4. HP: 16/18 MP: 1/8
   604 | D:2      | Learned a level 4 spell: Petrify
  1634 | D:4      | Noticed a phantom
  1795 | D:3      | Found an opulent altar of Gozag.
  1813 | D:4      | Found a shadowy altar of Dithmenos.
  1820 | D:4      | Became a worshipper of Dithmenos the Shadowed
  1843 | D:4      | Slain by an orc wizard
  1844 | D:4      | Reached XP level 3. HP: -2/14 MP: 7/7
  1844 | D:4      | Quit the game

Vault maps used:
D:1:      lemuel_arrival_lava_pool
D:2:      lemuel_round_altar, grunt_ministairs_11
D:3:      lemuel_upstairs_altar, minmay_bisected
D:4:      nicolae_overflow_crystal_walls, gup_sewer_entry_bubbles, serial_shops,
          shop_fountains

Skill      XL: |  1  2  3  4 |
---------------+-------------+-----
Earth Magic    | 3 4 |  4.4
Stealth        | 3 4 |  4.0
Dodging        | 3 |  3.0
Unarmed Combat | |  0.6
Spellcasting   | |  2.0
Transmutations | |  1.2

Action                   |  1- 3 |  4- 6 || total
-------------------------+-------+-------++-------
Melee: Unarmed           |     4 |    67 ||    71
       Bite              |       |     3 ||     3
 Cast: Sandblast         |    13 |    16 ||    29
       Passwall          |       |     1 ||     1
  Use: Scroll            |       |     2 ||     2
 Stab: Sleeping          |     2 |     2 ||     4
  Eat: Chunk             |     1 |     8 ||     9
Armor: Skin              |     1 |     5 ||     6
Dodge: Dodged            |    11 |    73 ||    84

Table legend:
 A = Non-vault XP
 B = Vault XP
 C = Vault XP percentage of total XP
 D = Non-vault monster count
 E = Vault monster count
 F = Vault count percentage of total count
                 A         B        C        D         E       F
            +---------+---------+-------+---------+---------+-------
      Total |     165 |       0 |   0.0 |      26 |       0 |   0.0
            +---------+---------+-------+---------+---------+-------
        D:1 |      51 |       0 |   0.0 |       5 |       0 |   0.0
        D:2 |      87 |       0 |   0.0 |      13 |       0 |   0.0
        D:3 |      13 |       0 |   0.0 |       7 |       0 |   0.0
        D:4 |      14 |       0 |   0.0 |       1 |       0 |   0.0
            +---------+---------+-------+---------+---------+-------
